 Dungeon Crawl Stone Soup version 0.32-a0-699-g1ee5eff69a (webtiles) character file.

Game seed: 3288442946194050379

201056 shadizar the Eclecticist (level 19, -21/145 HPs)
             Began as a Djinni Earth Elementalist on Mar 12, 2024.
             Was the Champion of Makhleb.
             Demolished by a bunyip (24 damage)
             ... on level 3 of the Swamp on Mar 13, 2024.
             The game lasted 01:20:13 (30053 turns).

shadizar the Eclecticist (DjEE)                    Turns: 30053, Time: 01:20:13

Health: -21/145    AC: 15    Str:  7    XL:     19   Next: 23%
Gold:   1156       EV: 16    Int: 28    God:    Makhleb [******] SH:  5 Dex: 16

rFire   + + +        D - staff of earth
rCold   + . .        B - +0 buckler {rF+}
rNeg    + . .        g - +0 steam dragon scales
rPois   ∞            S - +2 hat "Gaipt" {Regen+ rCorr Int+2 Stlth+}
rElec   .            s - +2 cloak
rCorr   +            n - +2 pair of gloves
SInv    .            (boots unavailable)
Will    ++...        R - amulet of regeneration
Stlth   +++          h - ring "Esichag" {rN+ Dex+5}
HPRegen 2.04/turn    e - ring of Spite {rPois rC++ Will+ MP+9 Dex-2}
MPRegen 0.00/turn

%: infuse magic (-22 HP)
@: flying
A: sickness immunity, fire resistance 2, cold vulnerability 1, float, innate
caster, HP casting, extra vitality 1
}: 1/15 runes: gossamer
a: Renounce Religion, Minor Destruction, Lesser Servant of Makhleb, Major
Destruction, Greater Servant of Makhleb


You were on level 3 of the Swamp.
You worshipped Makhleb.
Makhleb was exalted by your worship.
You visited 6 branches of the dungeon, and saw 29 of its levels.
You also visited: Bailey, Gauntlet, Ice Cave and Volcano.

You collected 3237 gold pieces.
You spent 2081 gold pieces at shops.

Inventory:

Armour
 g - +0 steam dragon scales (worn)
 n - a +2 pair of gloves (worn)
 s - a +2 cloak (worn)
 B - a +0 buckler of fire resistance (worn)
 S - the +2 hat "Gaipt" (worn) {Regen+ rCorr Int+2 Stlth+}
   (You found it on level 4 of the Spider Nest)

   Int+2:     It affects your intelligence (+2).
   Regen+:    It increases your rate of health regeneration.
   rCorr:     It protects you from acid and corrosion.
   Stlth+:    It makes you more stealthy.
 W - a +3 troll leather armour {Snorg}
 X - a +2 hat of willpower
Magical Staves
 a - the staff "Faramap" {rC- Str+6 Earth}
   (You acquired it on level 11 of the Dungeon)

   [staff of earth]

   Base accuracy: +5 Base damage: 5 Base attack delay: 1.2 This weapon's minimum
   attack delay (0.6) is reached at skill level 12.
   Str+6:     It affects your strength (+6).
   rC-:       It makes you vulnerable to cold.
   Earth:     It increases the power of your Earth spells.
   It falls into the 'Staves' category.
   It is a one-handed weapon.
 t - the staff of Sumol {rF+ Dex+2 Stlth+ Summ Fire}
   (You found it in a Gauntlet)

   [staff of fire]

   Base accuracy: +5 Base damage: 5 Base attack delay: 1.2 This weapon's minimum
   attack delay (0.6) is reached at skill level 12.
   Dex+2:     It affects your dexterity (+2).
   rF+:       It protects you from fire.
   Stlth+:    It makes you more stealthy.
   Summ:      It increases the power of your Summonings spells.
   Fire:      It increases the power of your Fire spells.
   It falls into the 'Staves' category.
   It is a one-handed weapon.
 u - a staff of conjuration
 C - the staff of Batuiz {rElec Will+ Conj Air}
   (You took it off a minotaur in a Gauntlet)

   [staff of air]

   Base accuracy: +5 Base damage: 5 Base attack delay: 1.2 This weapon's minimum
   attack delay (0.6) is reached at skill level 12.
   rElec:     It insulates you from electricity.
   Will+:     It increases your willpower.
   Conj:      It increases the power of your Conjurations spells.
   Air:       It increases the power of your Air spells.
   It falls into the 'Staves' category.
   It is a one-handed weapon.
 D - a staff of earth (weapon)
Jewellery
 e - the ring of Spite (right hand) {rPois rC++ Will+ MP+9 Dex-2}
   (You bought it in a shop on level 2 of the Orcish Mines)

   [ring of poison resistance]

   Dex-2:     It affects your dexterity (-2).
   rC++:      It greatly protects you from cold.
   rPois:     It protects you from poison.
   Will+:     It increases your willpower.
   MP+9:      It affects your magic capacity (+9).
 h - the ring "Esichag" (left hand) {rN+ Dex+5}
   (You bought it in a shop on level 3 of the Dungeon)

   [ring of positive energy]

   Dex+5:     It affects your dexterity (+5).
   rN+:       It protects you from negative energy.
 l - a ring of protection from fire
 o - a ring of resist corrosion
 x - the amulet "Atoloz" {Faith -Tele Will++ rCorr SInv}
   (You found it in a Gauntlet)

   [amulet of faith]

   Faith:     It allows you to gain divine favour quickly.
   Will++:    It greatly increases your willpower.
   SInv:      It lets you see invisible.
   -Tele:     It prevents most forms of teleportation.
   rCorr:     It protects you from acid and corrosion.
 y - the ring "Vusing" {rCorr Int+2}
   (You found it in a Gauntlet)

   [ring of resist corrosion]

   Int+2:     It affects your intelligence (+2).
   rCorr:     It protects you from acid and corrosion.
 z - a ring of positive energy
 R - an amulet of regeneration (around neck)
 V - an amulet of reflection
 Z - a ring of ice
Wands
 p - a wand of warping (26)
 r - a wand of quicksilver (18)
 A - a wand of paralysis (16)
 E - a wand of polymorph (5)
 F - a wand of flame (37)
 G - a wand of digging (23)
 I - a wand of mindburst (10)
Scrolls
 c - 20 scrolls of identify
 d - 10 scrolls of teleportation
 i - 2 scrolls of vulnerability
 k - 4 scrolls of poison
 q - a scroll of fog
 v - 4 scrolls of fear
 H - a scroll of revelation
 J - 2 scrolls of enchant armour
 L - a scroll of enchant weapon
 M - a scroll of torment
 N - 2 scrolls of butterflies
 P - 6 scrolls of blinking
Potions
 b - 3 potions of ambrosia
 f - 6 potions of enlightenment
 m - 2 potions of resistance
 w - 3 potions of invisibility
 O - 2 potions of haste
 Q - 2 potions of mutation
 T - 4 potions of curing
 U - 9 potions of brilliance
 Y - a potion of cancellation
Miscellaneous
 j - a phantom mirror
 K - a tin of tremorstones (2/2)


   Skills:
 - Level 16.2 Fighting
 - Level 9.0 Armour
 - Level 10.0 Dodging
 - Level 1.5 Stealth
 - Level 4.0 Shields
 + Level 20.4 Spellcasting
 + Level 20.4 Conjurations
 + Level 20.4 Hexes
 + Level 20.4 Summonings
 + Level 20.4 Necromancy
 + Level 20.4 Translocations
 + Level 20.4 Fire Magic
 + Level 20.4 Ice Magic
 + Level 20.4 Air Magic
 + Level 20.4 Earth Magic
 + Level 20.4 Alchemy


You knew the following spells:

 Your Spells              Type           Power      Damage    Failure   Level
a - Sandblast             Erth           100%       2d20      0%          1
b - Passwall              Erth           100%       N/A       0%          3
c - Stone Arrow           Conj/Erth      100%       3d13      0%          3
d - Petrify               Alch/Erth      100%       N/A       0%          4
e - Brom's Barrelling Bo  Conj/Erth      100%       2d11      0%          4
f - Summon Small Mammal   Summ           100%       N/A       0%          1
g - Scorch                Fire           100%       2d9       0%          2
h - Volatile Blastmotes   Fire/Tloc      100%       2d18      0%          3
i - Summon Ice Beast      Ice/Summ       97%        N/A       0%          3
j - Lee's Rapid Deconstr  Erth           60%        3d28*     0%          5
k - Summon Forest         Summ/Tloc      48%        N/A       0%          5
l - Dispersal             Tloc           48%        N/A       1%          6
m - Starburst             Conj/Fire      48%        6d13      1%          6
n - Monstrous Menagerie   Summ           48%        N/A       1%          7
Your spell library was empty.

Dungeon Overview and Level Annotations

Branches:
Dungeon (14/15)            Temple (1/1) D:7            Lair (5/5) D:8
  Swamp (3/4) Lair:2       Spider (4/4) Lair:2        Slime (0/5) Lair:4
    Orc (2/2) D:12            Elf (0/3) Orc:2        Vaults (0/5) D:13
 Bailey (visited)           IceCv (visited)         Volcano (visited)
Gauntlet (visited)

Altars:
Ashenzari
Cheibriados
Dithmenos
Elyvilon
Fedhas
Gozag
Hepliaklqana
Makhleb
Nemelex Xobeh
Okawaru
Qazlal
Ru
Trog
Uskayaw
Wu Jian
Xom
Yredelemnul
Zin
The Shining One
Beogh
Jiyva
Lugonu

Shops:
D:3 =   D:11 ?   Orc:2 =!([

Portals:
Abyss: Lair:5
Trove: D:10 (give 8 scrolls of fog)

Annotations:
D:4 1 runed translucent door, Crazy Yiuf
D:9 Maurice
Lair:2 3 runed translucent doors, mopl's ghost, journeyman DsFi
Spider:3 2 transporters


Innate Abilities, Weirdness & Mutations

You are immune to sickness and miasma.
You are immune to poison.
Your flesh is very heat resistant. (rF++)
You are vulnerable to cold. (rC-)
You float through the air rather than walking.
You learn spells naturally, not from books.
Your magical power is your life essence.
You have superior vitality. (+4 MHP)


Message History

Unknown command.
Unknown command.
Unknown command.
Unknown command.
The spriggan rider attacks as it pursues you!
The spriggan rider hits you from afar with a +0 spear.
* * * LOW HITPOINT WARNING * * *
Casting: Starburst (safe; 1% risk of failure)
Confirm with . or Enter, or press ? or * to list all spells.
Casting: Starburst (safe; 1% risk of failure)
Press: ? - help, Dir - look around, f - activate The bolt of fire hits the spriggan rider!!!
The spriggan rider is severely wounded.
The bolt of fire hits the swamp worm!!
The swamp worm is almost dead.
The mangrove smoulders and burns.
* * * LOW HITPOINT WARNING * * *
The spriggan rider hits you but does no damage.
Unknown command.
Unknown command.
Unknown command.
Unknown command.
Unknown command.
Unknown command.
Unknown command.
Casting: Starburst (safe; 1% risk of failure)
Confirm with . or Enter, or press ? or * to list all spells.
Casting: Starburst (safe; 1% risk of failure)
Press: ? - help, Dir - look around, f - activate The bolt of fire hits the bunyip!!
The bunyip is almost dead.
The mangrove smoulders and burns.
The bolt of fire misses the spriggan rider.
The bolt of fire hits the seven-headed hydra!!
The seven-headed hydra is heavily wounded.
* * * LOW HITPOINT WARNING * * *
You block the bunyip's attack. The bunyip claws you!!
* * * LOW HITPOINT WARNING * * *
The bunyip claws you!!
You die...

♣~♣.~........♣ ♣♣♣♣.♣
♣~♣♣..~.......♣♣♣♣ ..♣
♣~♣♣..§.~....~...~♣♣♣..♣
♣♣ ♣♣~~...~.....~.~♣..♣♣
♣♣~~.~.§~..§~.~§...♣
♣...~.~~..~.~~..~..♣
♣♣~~......)..§~..~..
♣♣..~..~.).§§...~..
♣♣.~.§..)@#.'.+
♣♣♣♣..§#x$# ~
♣~~~../)i....?!
♣~~~♣.###w...###
♣~♣~♣○†# .i§....
♣♣~♣♣♣~. .~.D.~~ ♣♣ ♣~#
(...(.. ♣.# .~.§~.!
~~~~.~.


You could see a bunyip (strong), a seven-headed hydra, a spriggan rider, a swamp
worm (strong) and a spriggan.

Vanquished Creatures
  Rupert (Lair:4)
  Jorgrun (Swamp:2)
  Mlioglotl (Swamp:3)
  A thorn hunter (Swamp:2)
  Gastronok (D:12)
  Frances (Swamp:1)
  Kirke (D:14)
  6 emperor scorpions
  3 ghost moths
  A ghoul (Swamp:2)
  3 broodmothers
  An ironbound thunderhulk (D:13)
  Nessos (Lair:4)
  3 eleionomae
  5 bunyips
  A minotaur (Gauntlet)
  A spark wasp (Spider:4)
  Snorg (Orc:2)
  6 entropy weavers
  An ettin (Orc:2)
  Fannar (D:11)
  12 hydras
  Harold (D:10)
  2 vault guards (D:13)
  Erolcha (D:11)
  A hell beast (Gauntlet)
  A jorogumo (Spider:1)
  7 ogre magi
  A catoblepas (D:14)
  3 ghost crabs (Swamp:2)
  3 alligators (Swamp:1)
  6 boulder beetles
  2 ice dragons
  A centaur warrior (D:13)
  7 two-headed ogres
  2 radroaches (Spider:4)
  2 tengu warriors (D:13)
  A death yak (Lair:2)
  9 demonic crawlers
  Urug (Lair:5)
  2 thrashing horrors (Lair:5)
  Nergalle (Orc:2)
  Lodul (D:11)
  A skyshark (Lair:3)
  3 goliath frogs
  3 skeletal warriors (D:11)
  7 pharaoh ants
  An arcanist (D:12)
  11 orb spiders
  2 spriggan druids (Swamp:3)
  10 bog bodies
  7 steelbarb worms
  2 sun moths
  A deep elf pyromancer (D:14)
  4 swamp dragons
  4 orc sorcerers (Orc:2)
  13 ugly things
  16 wolf spiders
  6 cyclopes
  6 will-o-the-wisps
  2 manticores
  A large abomination (Lair:5)
  3 meliai (Spider:1)
  9 elephants
  6 moths of wrath
  3 black mambas
  3 ice statues
  6 torpor snails
  A molten gargoyle (Volcano)
  3 gargoyles
  9 cane toads
  An unseen horror (D:8)
  6 komodo dragons
  Jeremiah (D:6)
  3 kobold demonologists
  A yaktaur (shapeshifter) (Lair:5)
  8 rime drakes
  An efreet (D:14)
  A freezing wraith (D:11)
  A bloated husk (Swamp:2)
  5 polar bears
  2 trolls
  Prince Ribbit (D:5)
  17 tarantellas
  10 hornets
  12 blink frogs
  Grinder (D:5)
  A raiju (Lair:5)
  8 tyrant leeches
  27 jumping spiders
  Sigmund (D:4)
  7 spriggans
  6 slime creatures
  23 culicivoras
  4 wraiths
  2 vampires (D:12)
  2 ynoxinuls (Lair:5)
  33 yaks
  A wyvern (D:8)
  A fire elemental (D:11)
  A hog (D:14)
  7 fire bats
  4 basilisks
  2 steam dragons
  32 redbacks
  4 humans
  2 wargs (Orc:2)
  Grum (D:10)
  A chaos spawn (Lair:5)
  Menkaure (D:6)
  11 vampire mosquitoes
  8 small abominations (Lair:5)
  14 swamp worms
  7 water moccasins
  4 acid dragons
  A hell hound (D:11)
  2 sky beasts
  4 swamp drakes
  A black bear (D:6)
  12 orc warriors
  6 ice beasts (Lair:5)
  A laughing skull (D:13)
  22 ogres
  4 wolves (D:10)
  A phantom (D:5)
  7 centaurs
  3 kobold brigands
  14 bullfrogs
  2 gnoll sergeants
  4 scorpions
  9 wights
  12 killer bees
  5 lindwurm simulacra (IceCv)
  A howler monkey (D:9)
  4 electric eels
  A bombardier beetle (D:6)
  9 lava snakes
  2 hounds
  5 jellies
  5 komodo dragon simulacra (IceCv)
  A gnoll bouda (D:6)
  10 orc priests
  Terence (D:2)
  A sleepcap (D:6)
  An iguana (D:4)
  43 orc wizards
  5 acid dragon simulacra (IceCv)
  15 adders
  20 gnolls
  A shadow imp (D:6)
  7 white imps
  4 ufetubi (D:6)
  6 steam dragon simulacra (IceCv)
  5 dart slugs
  A ribbon worm (D:4)
  63 orcs
  11 endoplasms
  3 giant cockroaches
  22 goblins
  5 hobgoblins
  7 jackals
  20 kobolds
  3 quokkas
  11 ball pythons
  17 bats
  2 frilled lizards (D:1)
  2 rats
961 creatures vanquished.

Vanquished Creatures (collateral kills)
  A red draconian (Volcano)
  A two-headed ogre (Volcano)
  An orc knight (Bailey)
  A manticore (D:8)
  An elephant (Lair:5)
  A molten gargoyle (Volcano)
  2 large abominations (Lair:5)
  A tarantella (shapeshifter) (Lair:5)
  3 blink frogs (Lair:5)
  A ynoxinul (Lair:5)
  A yak (D:8)
  A steam dragon (D:8)
  An ice beast (Lair:5)
  4 orc warriors
  2 small abominations (Lair:5)
  A kobold brigand (D:8)
23 creatures vanquished.

Vanquished Creatures (others)
  A rime drake (IceCv)
  A tarantella (Spider:1)
  A human (D:14)
  13 foxfires
  A snaplasher vine (Lair:5)
17 creatures vanquished.

Grand Total: 1001 creatures vanquished

Notes
Turn   | Place    | Note
-------+----------+-------------------------------------------
     0 | D:1      | shadizar the Djinni Earth Elementalist began the quest for
                  | the Orb.
     0 | D:1      | shadizar set off with the following spells memorised:
                  | Sandblast, Passwall, Stone Arrow, Petrify, Brom's
                  | Barrelling Boulder.
     0 | D:1      | Reached XP level 1. HP: 15/15 MP: 0/0
   193 | D:1      | Reached XP level 2. HP: 20/22 MP: 0/0
   311 | D:1      | Reached skill level 1 in Fighting
   331 | D:1      | Reached XP level 3. HP: 18/27 MP: 0/0
   331 | D:1      | Learned a level 1 spell: Summon Small Mammal
   985 | D:2      | Reached XP level 4. HP: 25/32 MP: 0/0
  1270 | D:2      | Noticed Terence
  1278 | D:2      | Killed Terence
  1373 | D:2      | Reached XP level 5. HP: 34/38 MP: 0/0
  1373 | D:2      | Learned a level 2 spell: Scorch
  2080 | D:3      | Reached XP level 6. HP: 45/45 MP: 0/0
  2321 | D:3      | Found a sparkling altar of Nemelex Xobeh.
  2554 | D:3      | Found Nutekko's Jewellery Shop.
  2719 | D:4      | Found an opulent altar of Gozag.
  2843 | D:4      | Reached skill level 5 in Spellcasting
  2843 | D:4      | Reached skill level 5 in Conjurations
  2843 | D:4      | Reached skill level 5 in Hexes
  2843 | D:4      | Reached skill level 5 in Summonings
  2843 | D:4      | Reached skill level 5 in Necromancy
  2843 | D:4      | Reached skill level 5 in Translocations
  2843 | D:4      | Reached skill level 5 in Fire Magic
  2843 | D:4      | Reached skill level 5 in Ice Magic
  2843 | D:4      | Reached skill level 5 in Air Magic
  2843 | D:4      | Reached skill level 5 in Earth Magic
  2843 | D:4      | Reached skill level 5 in Alchemy
  2948 | D:4      | Noticed Sigmund
  2951 | D:4      | Killed Sigmund
  2952 | D:4      | Reached XP level 7. HP: 41/51 MP: 0/0
  2952 | D:4      | Learned a level 3 spell: Volatile Blastmotes
  3247 | D:4      | Found a runed translucent door.
  3248 | D:4      | Noticed Crazy Yiuf
  3383 | D:5      | Entered Level 5 of the Dungeon
  3481 | D:5      | Reached XP level 8. HP: 57/58 MP: 0/0
  3589 | D:5      | Noticed Grinder
  3591 | D:5      | Noticed Prince Ribbit
  3597 | D:5      | Killed Grinder
  3598 | D:5      | Reached skill level 5 in Fighting
  3602 | D:5      | Killed Prince Ribbit
  4280 | D:5      | Reached XP level 9. HP: 50/66 MP: 0/0
  4280 | D:5      | Learned a level 3 spell: Summon Ice Beast
  4401 | D:5      | Found a hazy altar of Hepliaklqana.
  4555 | D:6      | Reached skill level 1 in Armour
  4733 | D:6      | Noticed Menkaure
  4735 | D:6      | Killed Menkaure
  5032 | D:6      | Noticed Jeremiah
  5037 | D:6      | Killed Jeremiah
  5401 | D:7      | Reached XP level 10. HP: 46/73 MP: 0/0
  5639 | D:7      | Found a staircase to the Ecumenical Temple.
  5654 | Temple   | Entered the Ecumenical Temple
  5679 | Temple   | Became a worshipper of Makhleb the Destroyer
  5896 | D:7      | Reached skill level 5 in Dodging
  5925 | D:7      | Found a flagged portal.
  6013 | Bailey   | Entered a bailey
  6116 | Bailey   | Reached * piety under Makhleb
  6689 | Bailey   | Found a roughly hewn altar of Beogh.
  6689 | Bailey   | Noticed an orc knight
  6728 | Bailey   | Killed an orc knight
  6883 | Bailey   | Reached skill level 10 in Spellcasting
  6883 | Bailey   | Reached skill level 10 in Conjurations
  6883 | Bailey   | Reached skill level 10 in Hexes
  6883 | Bailey   | Reached skill level 10 in Summonings
  6883 | Bailey   | Reached skill level 10 in Necromancy
  6883 | Bailey   | Reached skill level 10 in Translocations
  6883 | Bailey   | Reached skill level 10 in Fire Magic
  6883 | Bailey   | Reached skill level 10 in Ice Magic
  6883 | Bailey   | Reached skill level 10 in Air Magic
  6883 | Bailey   | Reached skill level 10 in Earth Magic
  6883 | Bailey   | Reached skill level 10 in Alchemy
  6883 | Bailey   | Reached XP level 11. HP: 82/82 MP: 0/0
  6883 | Bailey   | Learned a level 5 spell: Lee's Rapid Deconstruction
  7648 | D:8      | Reached ** piety under Makhleb
  7829 | D:8      | Found a hide-covered altar of Uskayaw.
  8010 | D:8      | Reached XP level 12. HP: 80/89 MP: 0/0
  8174 | D:8      | Noticed a two-headed ogre
  8479 | D:8      | Killed a two-headed ogre
  8592 | D:8      | Found a staircase to the Lair.
  9169 | D:9      | Reached *** piety under Makhleb
  9395 | D:9      | You are sucked into a shaft and drop 3 floors!
  9409 | D:12     | Noticed Gastronok
  9418 | D:12     | Killed Gastronok
  9575 | D:11     | Identified a scroll of acquirement
  9575 | D:11     | Acquired the staff "Faramap" {rC- Str+6 Earth}
  9591 | D:11     | Noticed Fannar
  9728 | D:11     | Found a gate leading to a gauntlet.
  9737 | Gauntlet | Entered a Gauntlet
  9737 | Gauntlet | Found a runed translucent door.
  9737 | Gauntlet | Found a transporter.
  9737 | Gauntlet | Found a runed translucent door.
  9737 | Gauntlet | Found a transporter.
  9741 | Gauntlet | Found a transporter.
  9744 | Gauntlet | Found a transporter.
  9744 | Gauntlet | Found a transporter.
  9794 | Gauntlet | Found a transporter.
  9794 | Gauntlet | Found a transporter.
  9796 | Gauntlet | Found a transporter.
  9797 | Gauntlet | Noticed a hell beast
  9812 | Gauntlet | Found a transporter.
  9833 | Gauntlet | Found a transporter.
  9837 | Gauntlet | Found a runed translucent door.
  9841 | Gauntlet | Found a transporter.
  9848 | Gauntlet | Found a transporter.
  9849 | Gauntlet | Noticed a quicksilver ooze
  9896 | Gauntlet | Found a transporter.
  9913 | Gauntlet | Found a transporter.
  9990 | Gauntlet | Identified the staff of Sumol {rF+ Dex+2 Stlth+ Summ Fire}
 10118 | Gauntlet | Identified the amulet "Atoloz" {Faith -Tele Will++ rCorr
                  | SInv}
 10199 | Gauntlet | Killed a hell beast
 10201 | Gauntlet | Identified the ring "Vusing" {rCorr Int+2}
 10301 | Gauntlet | Found the +0 mask of the Dragon {Will+ Slay+3 SInv}
 10301 | Gauntlet | Identified the staff of Batuiz {rElec Will+ Conj Air}
 10301 | Gauntlet | Noticed a minotaur
 10307 | Gauntlet | Killed a minotaur
 10409 | D:10     | Entered Level 10 of the Dungeon
 10535 | D:10     | Noticed a two-headed ogre
 10537 | D:10     | Killed a two-headed ogre
 10538 | D:10     | Reached XP level 13. HP: 84/94 MP: 0/0
 10538 | D:10     | Learned a level 5 spell: Summon Forest
 10661 | D:10     | Identified the +9 dagger "Deasizuyno" {freeze, *Noise rF-
                  | Int+6 Stlth+}
 11302 | D:9      | Noticed Maurice
 11580 | D:10     | Noticed Harold
 11586 | D:10     | Killed Harold
 11587 | D:10     | Reached skill level 1 in Shields
 11713 | D:10     | Found a portal to a secret trove of treasure.
 11852 | D:10     | Noticed Grum
 11858 | D:10     | Reached skill level 10 in Fighting
 11864 | D:10     | Killed Grum
 12025 | D:11     | Found Uvalor's Magic Scroll Emporium.
 12092 | D:11     | Reached **** piety under Makhleb
 12402 | D:11     | Noticed Lodul
 12414 | D:11     | Killed Lodul
 12573 | D:11     | Noticed Erolcha
 12578 | D:11     | Killed Erolcha
 12908 | D:11     | HP: 3/97 [skeletal warrior/+0 hand axe (17)]
 13271 | D:11     | Killed Fannar
 13508 | Lair:1   | Entered Level 1 of the Lair of Beasts
 13665 | Lair:1   | Reached skill level 10 in Dodging
 14588 | Lair:2   | Found a hole to the Spider Nest.
 14594 | Lair:2   | Found a frozen archway.
 14604 | IceCv    | Entered an ice cave
 14649 | IceCv    | Reached XP level 14. HP: 78/103 MP: 0/0
 14689 | IceCv    | Reached ***** piety under Makhleb
 14999 | IceCv    | Identified the +5 short sword "Yleegud" {heavy, +Blink
                  | Int+3}
 15698 | Lair:2   | Found a staircase to the Swamp.
 15915 | Lair:2   | Found a runed translucent gate.
 15915 | Lair:2   | Found a runed translucent gate.
 15915 | Lair:2   | Found a runed translucent gate.
 15918 | Lair:2   | Noticed mopl's ghost (journeyman DsFi)
 15921 | Lair:2   | Found a viscous altar of Jiyva.
 17107 | Lair:4   | Noticed Rupert
 17120 | Lair:4   | HP: 4/103 [Rupert/+2 antimagic executioner's axe (28)]
 17121 | Lair:4   | Killed Rupert
 17277 | Lair:4   | Noticed Nessos
 17334 | Lair:4   | Killed Nessos
 17877 | Lair:4   | Identified the +2 cloak "Dyaliaf" {Will+ Str-4 SInv Stlth+}
 17887 | Lair:4   | Found a staircase to the Slime Pits.
 17888 | Lair:4   | Found a viscous altar of Jiyva.
 18325 | Lair:5   | Entered Level 5 of the Lair of Beasts
 18340 | Lair:5   | Reached skill level 15 in Spellcasting
 18340 | Lair:5   | Reached skill level 15 in Conjurations
 18340 | Lair:5   | Reached skill level 15 in Hexes
 18340 | Lair:5   | Reached skill level 15 in Summonings
 18340 | Lair:5   | Reached skill level 15 in Necromancy
 18340 | Lair:5   | Reached skill level 15 in Translocations
 18340 | Lair:5   | Reached skill level 15 in Fire Magic
 18340 | Lair:5   | Reached skill level 15 in Ice Magic
 18340 | Lair:5   | Reached skill level 15 in Air Magic
 18340 | Lair:5   | Reached skill level 15 in Earth Magic
 18340 | Lair:5   | Reached skill level 15 in Alchemy
 18395 | Lair:5   | Reached XP level 15. HP: 60/109 MP: 0/0
 18395 | Lair:5   | Learned a level 6 spell: Dispersal
 18455 | Lair:5   | Reached ****** piety under Makhleb
 18464 | Lair:5   | Found a dark tunnel.
 18471 | Volcano  | Entered a volcano
 18615 | Volcano  | Found a burning altar of Makhleb.
 18973 | Lair:5   | Noticed Urug
 18993 | Lair:5   | Killed Urug
 19859 | Lair:5   | Found a corrupted altar of Lugonu.
 19859 | Lair:5   | Found a one-way gate to the infinite horrors of the Abyss.
 20347 | D:12     | Found a staircase to the Orcish Mines.
 20353 | D:12     | Found a roughly hewn altar of Beogh.
 20819 | Orc:1    | Entered Level 1 of the Orcish Mines
 21111 | Orc:2    | Entered Level 2 of the Orcish Mines
 21187 | Orc:2    | Noticed Snorg
 21192 | Orc:2    | Killed Snorg
 21499 | Orc:2    | Found a staircase to the Elven Halls.
 21587 | Orc:2    | Reached XP level 16. HP: 92/115 MP: 0/0
 21645 | Orc:2    | Noticed Nergalle
 21649 | Orc:2    | Killed Nergalle
 21652 | Orc:2    | Paralysed by an ogre mage for 4 turns
 21713 | Orc:2    | Found Susadas's Distillery.
 21792 | Orc:2    | Found Ciegyp's Jewellery Shoppe.
 21910 | Orc:2    | Found a roughly hewn altar of Beogh.
 21910 | Orc:2    | Found Sualiora's Antique Weapon Shoppe.
 21912 | Orc:2    | Found Xonwat's Antique Armour Emporium.
 21926 | Orc:2    | Bought a glowing helmet for 292 gold pieces
 21926 | Orc:2    | Bought a pair of embroidered gloves for 292 gold pieces
 22013 | Orc:2    | Bought the ring of Spite {rPois rC++ Will+ MP+9 Dex-2} for
                  | 972 gold pieces
 22266 | D:3      | Bought the ring "Esichag" {rN+ Dex+5} for 525 gold pieces
 23635 | D:13     | Found a gate to the Vaults.
 23702 | D:14     | Noticed Kirke
 23706 | D:14     | Killed Kirke
 24564 | Swamp:1  | Entered Level 1 of the Swamp
 24656 | Spider:1 | Entered Level 1 of the Spider Nest
 24849 | Spider:1 | Reached XP level 17. HP: 116/123 MP: 0/0
 24849 | Spider:1 | Learned a level 6 spell: Starburst
 27265 | Spider:3 | Found a transporter.
 27267 | Spider:3 | Found a transporter.
 27606 | Spider:4 | Entered Level 4 of the Spider Nest
 27684 | Spider:4 | Reached XP level 18. HP: 30/136 MP: 0/0
 28037 | Spider:4 | Reached skill level 15 in Fighting
 28046 | Spider:4 | Identified the +2 hat "Gaipt" {Regen+ rCorr Int+2 Stlth+}
 28308 | Spider:4 | Got a gossamer rune of Zot
 28504 | Spider:4 | Upgraded the game from 0.32-a0-685-g93135e86f0 to
                  | 0.32-a0-699-g1ee5eff69a
 28667 | Swamp:1  | Noticed Frances
 28672 | Swamp:1  | Killed Frances
 29553 | Swamp:2  | Noticed Jorgrun
 29577 | Swamp:2  | Killed Jorgrun
 29951 | Swamp:3  | Noticed Mlioglotl
 29976 | Swamp:3  | Killed Mlioglotl
 29978 | Swamp:3  | Reached XP level 19. HP: 132/145 MP: 0/0
 29978 | Swamp:3  | Learned a level 7 spell: Monstrous Menagerie
 30053 | Swamp:3  | HP: 3/145 [bunyip (28)]
 30053 | Swamp:3  | Demolished by a bunyip

Illustrated notes

Levels and vault maps discovered:
D:1:      sevenhm_arrival_forest_fort_large_3, layout_basic, serial_glass,
          glass_columns_a, glass_columns_a, chequers_serial_rivers_micro_c
D:2:      kennysheep_the_goblin_king, layout_loops_cross, uniq_terence
D:3:      layout_loops_ring, lemuel_coloured_pillars_altar, serial_shops,
          nicolae_shop_just_a_little_nook
D:4:      layout_basic, general_overflow_altar, corexii_checkpoint,
          nicolae_half_adder, uniq_sigmund, uniq_crazy_yiuf_cottage
D:5:      layout_loops_cross, nicolae_hepliaklqana_hippocampus,
          minmay_strange_pillars, uniq_grinder, uniq_prince_ribbit1
D:6:      layout_gridville, uniq_menkaure, uniq_jeremiah
D:7:      layout_rooms, minmay_temple_entry_mist, enter_bailey_3
D:8:      minmay_chambers_of_sevens, layout_cave_pools,
          mainiacjoe_overflow_boulevard, grunt_lair_entry_orc_guard_hut,
          roderic_batcave, dreamdust_deal_with_the_devil
D:9:      layout_gridville, uniq_maurice
D:10:     layout_roguey, trove_entry_hex_spiral, uniq_harold, uniq_grum
D:11:     layout_roguey, gauntlet_entry_generic, serial_glass, glass_columns_c,
          glass_columns_c, serial_shops, kennysheep_little_box,
          hangedman_incinerator, uniq_fannar, uniq_lodul, uniq_erolcha
D:12:     layout_roguey, minmay_orc_entry_temple_small, uniq_gastronok
D:13:     minmay_slanted_spiral_squares, layout_basic, hellmonk_vaults_keyhole,
          dk_noncrumbling_2
D:14:     layout_roguey, minivault_24, uniq_kirke
Temple:   eino_narrow_crystal_temple
Lair:1:   layout_loops_ring, nicolae_lair_liquid_snakes
Lair:2:   nzn_winding_woodlands_small [nzn_winding_woodlands_5x15_jagged,
          nzn_winding_woodlands_center_diamonds,
          nzn_winding_woodlands_5x15_pathside_ponds], layout_gridlike,
          swamp_mist, nicolae_spider_entry_tight_spaces, portal_ice_cave_rime,
          gammafunk_ghost_ooze, st_stairs_10
Lair:3:   layout_loops_ring
Lair:4:   layout_cave_pods, slime_entry_1, worms_lemuel, uniq_rupert,
          uniq_nessos
Lair:5:   hellmonk_lair_end_abyssal_woods, layout_cave_shapes,
          nicolae_volcano_entry_two_sided, ice2_lemuel, uniq_urug
Swamp:1:  layout_basic_swamp, evilmike_swamp_ruin_wall,
          infiniplex_staircase_pool, uniq_frances
Swamp:2:  layout_basic_swamp, evilmike_swamp_ruin_house_1, swamp_pool_1_2,
          nicolae_swamp_wisp_ring_woods, uniq_jorgrun
Swamp:3:  layout_falls_marsh, nicolae_swamp_rocky_clearing, grunt_ruined_hall,
          infiniplex_staircase_pool_2, uniq_mlioglotl
Spider:1: layout_chambers, einodemon_crawler_minivault
Spider:2: layout_spider_delve
Spider:3: gammafunk_boulding_lane, guppyfry_hornet_nest
Spider:4: guppyfry_spider_rune, nicolae_spider_checkerboard
Orc:1:    layout_diamond_mine
Orc:2:    kennysheep_orc_mage_school, layout_diamond_mine, uniq_snorg

Skill      XL: |  1  2  3  4  5  6  7  8  9 10 11 12 13 14 15 16 17 18 |
---------------+-------------------------------------------------------+-----
Fighting       | 1 2 3 4 5 6 8 9 10 12 14 16 | 16.2
Spellcasting   | 4 5 6 7 8 10 12 15 17 18 19 20 | 20.4
Conjurations   | 4 5 6 7 8 10 12 15 17 18 19 20 | 20.4
Hexes          | 4 5 6 7 8 10 12 15 17 18 19 20 | 20.4
Summonings     | 4 5 6 7 8 10 12 15 17 18 19 20 | 20.4
Necromancy     | 4 5 6 7 8 10 12 15 17 18 19 20 | 20.4
Translocations | 4 5 6 7 8 10 12 15 17 18 19 20 | 20.4
Fire Magic     | 4 5 6 7 8 10 12 15 17 18 19 20 | 20.4
Ice Magic      | 4 5 6 7 8 10 12 15 17 18 19 20 | 20.4
Air Magic      | 4 5 6 7 8 10 12 15 17 18 19 20 | 20.4
Earth Magic    | 4 5 6 7 8 10 12 15 17 18 19 20 | 20.4
Alchemy        | 4 5 6 7 8 10 12 15 17 18 19 20 | 20.4
Armour         | 3 6 7 9 |  9.0
Dodging        | 4 7 8 10 | 10.0
Shields        | 4 |  4.0
Stealth        | |  1.5

Action                     |  1- 3 |  4- 6 |  7- 9 | 10-12 | 13-15 | 16-18 | 19-21 || total
---------------------------+-------+-------+-------+-------+-------+-------+-------++-------
  Melee: Unarmed           |     1 |     1 |       |       |       |       |       ||     2
         Staff             |       |       |     2 |     2 |    12 |     4 |       ||    20
   Cast: Sandblast         |    51 |    93 |   108 |    80 |    78 |     5 |       ||   415
         Stone Arrow       |       |     2 |    17 |   104 |   360 |   159 |     6 ||   648
         Summon Ice Beast  |       |       |     1 |    12 |     8 |       |       ||    21
         Brom's Barrelling |       |       |     1 |     5 |       |       |       ||     6
         Scorch            |       |       |       |    25 |       |       |       ||    25
         Lee's Rapid Decon |       |       |       |    35 |   243 |   348 |       ||   626
         Summon Forest     |       |       |       |       |     4 |       |       ||     4
         Dispersal         |       |       |       |       |     1 |     1 |       ||     2
         Starburst         |       |       |       |       |       |   169 |    26 ||   195
    Use: Scroll            |       |       |    15 |     9 |     7 |     3 |       ||    34
         Potion            |       |       |       |     4 |     2 |     8 |       ||    14
 Armour: Robe              |     8 |    27 |    37 |    80 |       |       |       ||   152
         Steam dragon scal |       |       |       |    10 |   190 |   256 |    27 ||   483
         Skin              |       |       |       |     3 |       |       |       ||     3
  Dodge: Dodged            |    16 |    28 |    40 |   118 |   256 |   168 |    18 ||   644
  Block: Buckler           |       |       |       |       |    80 |    51 |     8 ||   139

Table legend: (Time is in decaauts)
 A = Elapsed time spent in this place.
 B = Non-inter-level travel time spent in this place.
 C = Inter-level travel time spent in this place.
 D = Time resting spent in this place.
 E = Time spent auto-exploring this place.
 F = Levels seen in this place.
 G = Mean time per level.
                   A        B        C        D        E       F      G
               +--------+--------+--------+--------+--------+-----+--------+
         Total |  30278 |  28838 |   1440 |      0 |  22242 |  33 |  917.5 |
       Dungeon |  14853 |  13991 |    862 |      0 |  11211 |  14 | 1060.9 |
        Temple |    171 |    171 |      0 |      0 |      0 |   1 |  171.0 |
          Lair |   5629 |   5365 |    264 |      0 |   4296 |   5 | 1125.8 |
         Swamp |   1507 |   1447 |     60 |      0 |   1032 |   3 |  502.3 |
   Spider Nest |   3913 |   3792 |    121 |      0 |   3074 |   4 |  978.2 |
  Orcish Mines |   1314 |   1183 |    131 |      0 |    852 |   2 |  657.0 |
        Bailey |   1071 |   1071 |      0 |      0 |    806 |   1 | 1071.0 |
      Ice Cave |    821 |    821 |      0 |      0 |    645 |   1 |  821.0 |
       Volcano |    343 |    343 |      0 |      0 |     96 |   1 |  343.0 |
      Gauntlet |    652 |    652 |      0 |      0 |    230 |   1 |  652.0 |
               +--------+--------+--------+--------+--------+-----+--------+

Top non-repeatable levels by time:
    D:11: 1793 daAuts
     D:8: 1777 daAuts
Spider:1: 1459 daAuts
  Lair:5: 1423 daAuts
  Lair:4: 1279 daAuts
    D:13: 1271 daAuts
     D:5: 1199 daAuts
  Lair:2: 1078 daAuts
     D:6: 1074 daAuts
  Bailey: 1071 daAuts
  Lair:1: 1059 daAuts
   Orc:2: 1005 daAuts
     D:2: 999 daAuts
     D:9: 991 daAuts
    D:10: 919 daAuts
